Map: Odyssey LE

Players

Snute

  • Race: Zerg Zerg
  • Spawn Location: 5:00

Elazer - Winner!

  • Race: Zerg Zerg
  • Spawn Location: 11:00

Event: WCS Valencia 2017

VOD

Have the link to the VOD?

Description

Time

  • Played on: July 15, 2017, 1:58 p.m.
  • Length: 7:29

All games in this series

Show
View Real Time Build Order
Export as new Build Order

Snute Zerg 

Build Orders: Pool First, Zergling Baneling 

Get SALT Encoding   

  12  0:00  Drone  
  13  0:12  Overlord  
  13  0:16  Drone  
  14  0:30  Drone x2  
  14  0:34  Drone  
  17  0:39  Extractor  
  16  0:44  Drone  
  17  0:50  Spawning Pool  
  17  0:55  Drone  
  17  1:06  Drone  
  18  1:20  Hatchery  
  18  1:23  Drone  
  18  1:36  Queen  
  20  1:40  Metabolic Boost  
  20  1:44  Zergling x2  
  21  1:49  Zergling x2  
  22  1:54  Overlord  
  22  2:01  Baneling Nest  
  22  2:06  Drone  
  22  2:14  Queen  
  24  2:22  Drone x2  
  26  2:32  Drone x2  
  28  2:44  Baneling  
  28  2:45  Baneling  
  28  2:47  Drone x4  
  28  2:49  Overlord  
  32  2:54  Zergling x2  
  33  2:59  Overlord  
  33  3:04  Drone  
  34  3:08  Drone  
  35  3:15  Drone  
  35  3:18  Drone x3  
  39  3:30  Hatchery  
  39  3:33  Zergling x4  
  39  3:34  Zergling x2  
  40  3:35  Zergling x4  
  40  3:38  Baneling x2  
  42  3:44  Overlord  
  42  3:46  Queen  
  44  3:49  Zergling x2  
  44  3:51  Baneling x2  
  44  3:54  Drone x2  
  47  3:56  Drone  
  47  3:58  Drone  
  47  4:02  Drone x2  
  50  4:05  Baneling x2  
  50  4:15  Hatchery  
  47  4:20  Zergling x10  
  50  4:28  Extractor  
  50  4:29  Roach Warren  
  47  4:31  Zergling x4  
  47  4:36  Zergling x2  
  49  4:45  Drone x2  
  51  4:52  Lair, Drone  
  51  4:55  Drone  
  51  4:56  Evolution Chamber  
  51  4:57  Extractor  
  51  4:58  Drone x3  
  53  5:01  Drone  
  53  5:02  Drone x2  
  55  5:07  Drone  
  55  5:08  Drone  
  56  5:18  Overlord  
  55  5:25  Roach  
  57  5:29  Roach x4  
  57  5:33  Queen  
  57  5:34  Overlord x2  
  65  5:37  Roach  
  65  5:38  Roach x2  
  68  5:43  Roach  
  68  5:46  Roach  
  68  5:49  Zergling x2  
  68  5:53  Roach  
  68  5:55  Queen  
  68  5:56  Roach  
  72  5:58  Roach  
  72  5:59  Roach x2  
  72  6:00  Roach  
  80  6:05  Roach  
  80  6:10  Queen  
  82  6:12  Roach x2  
  82  6:17  Queen  
  82  6:20  Roach  
  82  6:21  Zergling x2  
  80  6:28  Roach  
  80  6:29  Roach  
  66  6:39  Roach x2  
  53  6:41  Zergling x6  
  53  6:44  Zergling x2  
  53  6:46  Zergling x2  
  45  6:52  Zergling x4  
  41  6:57  Roach  
  39  7:01  Zergling x2  
Show
View Real Time Build Order
Export as new Build Order

Elazer Zerg - Winner!

Build Orders: Hatch First 

Get SALT Encoding   

  12  0:00  Drone  
  13  0:12  Overlord  
  13  0:17  Drone  
  14  0:30  Drone x2  
  14  0:34  Drone  
  17  0:51  Hatchery  
  17  0:54  Drone  
  17  0:57  Drone  
  18  1:08  Extractor  
  17  1:12  Spawning Pool  
  17  1:15  Drone  
  17  1:18  Drone  
  18  1:27  Drone  
  19  1:38  Overlord  
  19  1:58  Queen  
  19  1:59  Zergling x2  
  19  2:00  Zergling x2  
  23  2:02  Queen  
  23  2:03  Zergling x2  
  23  2:08  Metabolic Boost  
  26  2:11  Drone  
  26  2:13  Drone  
  28  2:24  Drone x2  
  30  2:34  Drone  
  30  2:37  Drone  
  32  2:45  Hatchery  
  32  2:46  Queen  
  33  2:52  Overlord  
  33  2:58  Drone x2  
  35  3:01  Drone  
  36  3:12  Zergling x6  
  39  3:13  Zergling x6  
  39  3:17  Spine Crawler  
  41  3:26  Zergling x2  
  41  3:27  Zergling x4  
  44  3:33  Overlord  
  43  3:38  Extractor  
  43  3:39  Overlord  
  43  3:44  Overlord  
  43  3:49  Drone  
  43  3:52  Overlord  
  44  3:57  Drone  
  44  3:58  Drone  
  44  4:00  Drone  
  46  4:05  Roach Warren  
  46  4:08  Drone x3  
  44  4:10  Zergling x4  
  43  4:17  Zergling x2  
  43  4:18  Zergling x6  
  43  4:22  Zergling x2  
  46  4:26  Zergling x4  
  48  4:32  Zergling x2  
  48  4:35  Overlord  
  48  4:43  Zergling x12  
  48  4:45  Overlord  
  53  4:58  Roach x4  
  60  5:01  Roach x2  
  61  5:07  Roach x4  
  61  5:11  Roach  
  71  5:15  Overlord  
  71  5:17  Roach  
  71  5:20  Roach  
  74  5:23  Zergling x2  
  74  5:24  Zergling x2  
  76  5:34  Zergling x10  
  79  5:41  Zergling x8  
  79  5:44  Zergling x2  
  79  5:46  Zergling x4  
  81  5:50  Zergling x2  
  81  5:52  Ravager x2  
  81  5:53  Ravager, Zergling x2  
  85  5:58  Zergling x4  
  85  6:03  Zergling x4  
  88  6:13  Zergling x12  
  88  6:14  Ravager  
  87  6:26  Zergling x12  
  85  6:34  Zergling x6  
  85  6:39  Zergling x2  
  84  6:40  Zergling x8  
  84  6:46  Zergling x6  
  86  6:50  Zergling x4  
  86  6:51  Ravager  
  86  6:52  Ravager  
  87  6:55  Zergling x4  
  88  7:03  Zergling x4  
Tags
 
Add a new tag
Caveats
  • Supply blocks, unpowered buildings, or Contaminate may cause inaccurate times.
  • Supply counts are checked every 10 seconds.